 Dungeon Crawl Stone Soup version 0.31-a0-1074-g0b22e4e0f1 (webtiles) character file.

Game seed: 10760494634622339101

1777811 Monkooky the Sorcerer (level 24, 145/154 HPs)
             Began as a Deep Elf Hunter on Nov 24, 2023.
             Was the Champion of Ashenzari.
             Escaped with the Orb
             ... and 3 runes on Dec 4, 2023!
             The game lasted 04:07:08 (56583 turns).

Monkooky the Sorcerer (Deep Elf Hunter)            Turns: 56583, Time: 04:07:08

Health: 145/154    AC: 32    Str: 17      XL:     24   Next: 19%
Magic:  44/56      EV: 29    Int: 24 (27) God:    Ashenzari [******]
Gold:   11203      SH:  0    Dex: 29      Spells: 19/71 levels left

rFire   + + .        S - +9 longbow of Ashenzari's Vision {flame, Bglg, Range} (curse)
rCold   . . .        (shield currently unavailable)
rNeg    + + .        w - +8 fire dragon scales of Ashenzari's Hedonism {rF++ rC-, Fort, Melee} (curse)
rPois   .            J - +1 helmet "Gaze Upon Infinity" {rN+ Dex+5 Stlth+, Bglg, Dev} (curse)
rElec   .            B - +0 cloak "Share My Vision" {Self, Alch} (curse)
rCorr   .            u - +1 pair of gloves of the Tethered Sun {+Inv rN+ MP+9, Cun, Range} (curse)
SInv    +            n - +1 pair of boots of Cremastomancy {rC+ Str+3, Elem, Dev} (curse)
Will    +++..        a - amulet "I Knew You'd Do That" {Spirit, Elem, Dev} (curse)
Stlth   +++          O - ring of the Lashed Fetters {Will+ Str+6 Int+6, Elem, Bglg} (curse)
HPRegen 0.45/turn    s - ring of Ouranomancy {AC+4, Fort, Cun} (curse)
MPRegen 0.35/turn

%: clarity, guardian spirit
@: no status effects
A: low MP 1
0: Orb of Zot
}: 3/15 runes: decaying, silver, gossamer
a: Renounce Religion, Evoke Invisibility, Shatter the Chains


You escaped.
You worshipped Ashenzari.
Ashenzari was exalted by your worship.
You visited 9 branches of the dungeon, and saw 47 of its levels.
You also visited: Ossuary, Ice Cave and Wizlab.

You collected 11203 gold pieces.

Inventory:

Hand Weapons
 S - the cursed +9 longbow of Ashenzari's Vision (weapon) {flame, Bglg, Range}
   (You found it in an ice cave)

   It has a curse which improves the following skills: Beguiling: Conjurations,
   Hexes and Translocations.
   Ranged Combat: Ranged Weapons and Throwing.
Missiles
 b - 8 curare-tipped darts
 D - 11 throwing nets
Armour
 n - the cursed +1 pair of boots of Cremastomancy (worn) {rC+ Str+3, Elem, Dev}
   (You found it on level 2 of the Dungeon)

   Str+3:     It affects your strength (+3).
   rC+:       It protects you from cold.
   It has a curse which improves the following skills: Elements: Fire Magic, Ice
   Magic, Air Magic and Earth Magic.
   Devices:   Evocations and Shapeshifting.
 o - the +5 faerie dragon scales {rPois rC- rCorr Dex+7}
   (You took it off the Enchantress on level 2 of the Depths)

   Dex+7:     It affects your dexterity (+7).
   rC-:       It makes you vulnerable to cold.
   rPois:     It protects you from poison rCorr: It protects you from acid and
   corrosion.
 u - the cursed +1 pair of gloves of the Tethered Sun (worn) {+Inv rN+ MP+9, Cun, Range}
   (You found it on level 2 of the Swamp)

   rN+:       It protects you from negative energy.
   MP+9:      It affects your magic capacity (+9).
   +Inv:      It lets you turn invisible.
   It has a curse which improves the following skills: Cunning: Dodging and
   Stealth.
   Ranged Combat: Ranged Weapons and Throwing.
 w - the cursed +8 fire dragon scales of Ashenzari's Hedonism (worn) {rF++ rC-, Fort, Melee}
   (You found it in a wizard's laboratory)

   rF++:      It greatly protects you from fire.
   rC-:       It makes you vulnerable to cold.
   It has a curse which improves the following skills: Fortitude: Armour and
   Shields.
   Melee Combat: Short Blades, Long Blades, Axes, Maces & Flails, Polearms,
   Staves and Unarmed Combat.
 B - the cursed +0 cloak "Share My Vision" (worn) {Self, Alch}
   (You found it on level 7 of the Dungeon)

   It has a curse which improves the following skills: Introspection: Fighting
   and Spellcasting.
   Alchemy:   Poison Magic and Transmutations.
 J - the cursed +1 helmet "Gaze Upon Infinity" (worn) {rN+ Dex+5 Stlth+, Bglg, Dev}
   (You found it in a wizard's laboratory)

   Dex+5:     It affects your dexterity (+5).
   rN+:       It protects you from negative energy.
   Stlth+:    It makes you more stealthy.
   It has a curse which improves the following skills: Beguiling: Conjurations,
   Hexes and Translocations.
   Devices:   Evocations and Shapeshifting.
Jewellery
 a - the cursed amulet "I Knew You'd Do That" (around neck) {Spirit, Elem, Dev}
   (You acquired it on level 1 of the Vaults)

   [amulet of guardian spirit]

   Spirit:    It causes incoming damage to be divided between your reserves of
   health and magic.
   It has a curse which improves the following skills: Elements: Fire Magic, Ice
   Magic, Air Magic and Earth Magic.
   Devices:   Evocations and Shapeshifting.
 s - the cursed ring of Ouranomancy (right hand) {AC+4, Fort, Cun}
   (You found it on level 4 of the Dungeon)

   [ring of protection]

   AC+4:      It affects your AC (+4).
   It has a curse which improves the following skills: Fortitude: Armour and
   Shields.
   Cunning:   Dodging and Stealth.
 O - the cursed ring of the Lashed Fetters (left hand) {Will+ Str+6 Int+6, Elem, Bglg}
   (You acquired it on level 5 of the Vaults)

   [ring of strength]

   Str+6:     It affects your strength (+6).
   Int+6:     It affects your intelligence (+6).
   Will+:     It increases your willpower.
   It has a curse which improves the following skills: Elements: Fire Magic, Ice
   Magic, Air Magic and Earth Magic.
   Beguiling: Conjurations, Hexes and Translocations.
 Y - a +5 ring of evasion
Wands
 v - a wand of flame (118)
 F - a wand of charming (50)
 K - a wand of mindburst (38)
 M - a wand of roots (17)
 T - a wand of digging (6)
 W - a wand of light (25)
Scrolls
 d - a scroll of silence
 i - 4 scrolls of blinking
 k - 8 scrolls of vulnerability
 p - 19 scrolls of teleportation
 q - 6 scrolls of amnesia
 r - 5 scrolls of immolation
 y - 2 scrolls of enchant weapon
 G - 4 scrolls of fog
 H - a scroll of butterflies
 L - 8 scrolls of poison
 N - 4 scrolls of brand weapon
 Q - 7 scrolls of fear
 U - 3 scrolls of torment
Potions
 c - 5 potions of brilliance
 e - 9 potions of magic
 f - 14 potions of lignification
 g - 4 potions of invisibility
 h - 4 potions of berserk rage
 l - 4 potions of haste
 m - 15 potions of curing
 x - 4 potions of ambrosia
 z - 11 potions of heal wounds
 A - 2 potions of mutation
 C - 2 potions of cancellation
 E - 8 potions of enlightenment
 I - 3 potions of attraction
 V - a potion of resistance
Miscellaneous
 t - a box of beasts
 P - a phantom mirror (inert)
 R - a lightning rod (4/4)
 X - a phial of floods
 Z - a condenser vane


   Skills:
 - Level 14.3(16.7) Fighting
 - Level 21.3(24.6) Ranged Weapons
 - Level 3.8(7.0) Throwing
 - Level 6.1(9.7) Armour
 - Level 19.7(23.0) Dodging
 - Level 17.0(20.4) Stealth
 - Level 22.0(24.1) Spellcasting
 - Level 9.0(13.7) Conjurations
 - Level 18.0(22.5) Hexes
 - Level 5.4(9.9) Translocations
 - Level 5.4(7.8) Transmutations
 - Level 14.9(19.6) Ice Magic
 - Level 9.0(13.7) Air Magic
 - Level 3.1(5.2) Poison Magic
 + Level 16.2(20.8) Evocations


You had 19 spell levels left.
You knew the following spells:

 Your Spells              Type           Power      Damage    Failure   Level
a - Swiftness             Air            76%        N/A       1%          3
b - Mephitic Cloud        Conj/Pois/Air  69%        N/A       1%          3
c - Freezing Cloud        Conj/Ice/Air   40%        6-21      1%          5
d - Poisonous Vapours     Pois/Air       100%       N/A       1%          2
e - Passwall              Tmut/Erth      40%        N/A       1%          2
f - Ozocubu's Armour      Ice            89%        N/A       0%          3
g - Ozocubu's Refrigerat  Ice            44%        4d17      1%          7
h - Ignite Poison         Fire/Tmut/Pois 50%        N/A       1%          3
i - Passage of Golubria   Tloc           67%        N/A       1%          4
j - Wereblood             Tmut           61%        N/A       1%          2
k - Irradiate             Conj/Tmut      34%        3d23      1%          5
l - Yara's Violent Unrav  Hex/Tmut       40%        3d16      1%          5
m - Discord               Hex            47%        N/A       2%          8

Your spell library contained the following spells:

 Spells                   Type           Power      Damage    Failure   Level
 Freeze                   Ice            100%       1d10      0%          1
 Magic Dart               Conj           100%       1d8       0%          1
 Slow                     Hex            100%       N/A       0%          1
 Ensorcelled Hibernation  Hex/Ice        100%       N/A       0%          2
 Jinxbite                 Hex            100%       N/A       0%          2
 Confusing Touch          Hex            95%        N/A       0%          3
 Frozen Ramparts          Ice            100%       1d16      0%          3
 Hailstorm                Conj/Ice       83%        3d17      0%          3
 Sigil of Binding         Hex            95%        N/A       0%          3
 Tukima's Dance           Hex            95%        N/A       0%          3
 Sting                    Tmut/Pois      100%       1d8       1%          1
 Blink                    Tloc           100%       N/A       1%          2
 Cigotuvi's Dreadful Rot  Necr/Pois/Air  100%       N/A       1%          2
 Lesser Beckoning         Tloc           100%       N/A       1%          2
 Searing Ray              Conj           100%       2d8       1%          2
 Gell's Gravitas          Tloc           67%        N/A       1%          3
 Stone Arrow              Conj/Erth      100%       3d13      1%          3
 Summon Guardian Golem    Hex/Summ       70%        N/A       1%          3
 Teleport Other           Tloc           67%        N/A       1%          3
 Volatile Blastmotes      Fire/Tloc      100%       2d18      1%          3
 Anguish                  Hex/Necr       35%        N/A       1%          4
 Fulminant Prism          Conj/Hex       43%        3d19      1%          4
 Iskenderun's Mystic Bla  Conj/Tloc      72%        2d15      1%          4
 Leda's Liquefaction      Hex/Erth       35%        N/A       1%          4
 Manifold Assault         Tloc           67%        N/A       1%          4
 Summon Ice Beast         Ice/Summ       66%        N/A       1%          4
 Vhi's Electric Charge    Tloc/Air       100%       N/A       1%          4
 Arcjolt                  Conj/Air       38%        1d48      1%          5
 Iskenderun's Battlesphe  Conj           76%        2d12      1%          5
 Summon Mana Viper        Hex/Summ       70%        N/A       1%          5
 Brom's Barrelling Bould  Conj/Erth      59%        2d7       2%          4
 Flame Wave               Conj/Fire      59%        2d14      2%          4
 Conjure Ball Lightning   Conj/Air       38%        3x3d12    2%          6
 Olgreb's Toxic Radiance  Pois           52%        N/A       4%          4
 Call Imp                 Summ           56%        N/A       6%          2
 Sublimation of Blood     Necr           28%        N/A       6%          2
 Fireball                 Conj/Fire      29%        3d13      6%          5
 Petrify                  Tmut/Erth      49%        N/A       7%          4
 Vampiric Draining        Necr           28%        2d8       12%         3
 Orb of Destruction       Conj           38%        9d11      12%         7
 Summon Forest            Summ/Tloc      26%        N/A       14%         5
 Bombard                  Conj/Erth      29%        9d5       32%         6
 Plasma Beam              Fire/Air       29%        2x1d42    32%         6
 Animate Dead             Necr           28%        N/A       38%         4
 Dispel Undead            Necr           28%        3d13      38%         4
 Eringya's Noxious Bog    Tmut/Pois      28%        4d6       38%         6
 Lee's Rapid Deconstruct  Erth           16%        3d10*     65%         5
 Maxwell's Capacitive Co  Air            38%        ∞         67%         8
 Borgnjor's Vile Clutch   Necr/Erth      15%        N/A       69%         5
 Spellforged Servitor     Conj/Summ      29%        N/A       91%         7
 Death Channel            Necr           14%        N/A       99%         6
 Summon Cactus Giant      Summ           14%        N/A       99%         6
 Haunt                    Necr/Summ      14%        N/A       100%        7
 Summon Hydra             Summ           14%        N/A       100%        7
 Ignition                 Fire           16%        3d6       100%        8
 Infestation              Necr           14%        N/A       100%        8
 Lehudib's Crystal Spear  Conj/Erth      29%        10d8      100%        8


Dungeon Overview and Level Annotations

Branches:
Dungeon (15/15)            Temple (0/1) D:4            Lair (5/5) D:10
  Swamp (4/4) Lair:2       Spider (4/4) Lair:3        Slime (0/5) Lair:5
    Orc (2/2) D:9             Elf (3/3) Orc:2        Vaults (5/5) D:13
  Crypt (0/3) Vaults:3     Depths (4/4) D:15            Zot (5/5) Depths:4
Ossuary (visited)           IceCv (visited)          WizLab (visited)

Altars:
Ashenzari
Elyvilon
Fedhas
Kikubaaqudgha
Nemelex Xobeh
Ru
Trog
Uskayaw
Xom
Zin
The Shining One

Shops:
D:10 =   Orc:2 [=*(   Vaults:1 (   Depths:1 *

Portals:
Hell: Depths:1
Ziggurat: Depths:1

Annotations:
D:3 exclusion: 2 downstairs
D:5 1 runed translucent door, Crazy Yiuf
Lair:3 2 transporters
Swamp:2 exclusion: downstairs
Spider:1 exclusion: downstairs
Spider:3 exclusion: downstairs
Elf:2 3 runed translucent doors, exclusion: 2 doors
Depths:2 Vv
Depths:3 3 runed translucent doors, Rutraf's ghost, veteran DEHs
Zot:1 exclusion: downstairs
Zot:2 Parghit
Zot:5 1 exclusion


Innate Abilities, Weirdness & Mutations

Your magical capacity is low. (-10% MP)


Message History

Casting: Irradiate (mildly dangerous; 1% risk of failure)
Confirm with . or Enter, or press ? or * to list all spells.
You erupt in a fountain of uncontrolled magic!
The Ice Fiend is blasted with magical radiation!!!
The Ice Fiend is severely wounded.
The Ice Fiend twists and deforms.
You are lightly contaminated with residual magic.
The Ice Fiend calls on the powers of darkness!
Your body is wracked with pain!
Casting: Irradiate (mildly dangerous; 1% risk of failure)
Confirm with . or Enter, or press ? or * to list all spells.
You erupt in a fountain of uncontrolled magic!
The Ice Fiend is blasted with magical radiation!
The Ice Fiend is severely wounded.
The Ice Fiend gestures at you. The bolt of cold misses you.
Casting: Irradiate (mildly dangerous; 1% risk of failure)
Confirm with . or Enter, or press ? or * to list all spells.
You erupt in a fountain of uncontrolled magic!
The Ice Fiend is blasted with magical radiation!!
You kill the Ice Fiend!
You are contaminated with residual magic.
A mysterious force pulls you upwards. The hatch slams shut behind you.
What level of the Dungeon? (default 1, ? - help)
You feel less contaminated with magical energies.
An efreet comes into view.
It is wielding a +4 scimitar of flaming.
Casting: Irradiate (mildly dangerous; 1% risk of failure)
Confirm with . or Enter, or press ? or * to list all spells.
The heat is drained from your surroundings.
The efreet is frozen!
You kill the efreet!
Unknown command.
What level of the Dungeon? (default 1, ? - help)
There is a stone staircase leading up here.
You climb upwards.
There is a stone staircase leading down here.
There is an open door here.
Your magical contamination has completely faded away.
There is a staircase leading out of the dungeon here.
You have escaped!

......# #........#.##
#####.######### #####.##....#
#####.#.......# #.####...
##.........##.##### #.......#
##.##.#.##........############.##
......#.#..#######......# ##.##
......#.#+##≈≈≈≈≈######.# #...#
##†##.###8........## #.# #...#
#..##.+.........@..# #.# #...#
#.###.###8........#####.#####...#
#.###.#.#'##≈≈≈≈≈###.##.#........
......#....#######........)......
#.#####.......###.......#........
.....##...........#..##.#####...#
#.##.##.......##..#..##.# #...#
#.##.#####.##.##..#..##.# #....
..##.# #.##........##.# #...#


There were no monsters in sight!

Vanquished Creatures
  An orb of fire (Zot:5)
  A dread lich (Vaults:5)
  An ancient lich (WizLab)
  Sojobo (Depths:1)
  5 Killer Klowns
  Saint Roka (Vaults:2)
  Xtahua (Vaults:4)
  A curse toe (Zot:2)
  3 golden dragons
  the Enchantress (Depths:2)
  A bone dragon (Depths:4)
  Jorgrun (Elf:1)
  An Ice Fiend (D:3)
  Rupert (D:15)
  A walking crystal tome (Depths:4)
  10 tentacled monstrosities
  13 Orb Guardians
  2 deep elf blademasters (Elf:3)
  3 titans (Vaults:5)
  4 quicksilver dragons
  2 deep elf master archers (Elf:3)
  A walking divine tome (Depths:2)
  A walking frostbound tome (Depths:4)
  3 sphinxes
  A death cob (Zot:2)
  An ancient champion (Vaults:3)
  Frances (Elf:1)
  9 storm dragons
  8 shadow dragons
  2 thorn hunters (Swamp:2)
  Aizul (Depths:1)
  5 fire giants
  6 emperor scorpions (Spider:4)
  3 draconian knights
  10 tengu reavers
  5 deep elf sorcerers (Elf:3)
  18 vault wardens
  An iron dragon (Vaults:5)
  9 frost giants
  A draconian shifter (Depths:4)
  3 deep elf elementalists
  The ghost of Twinkles the Thrower, a journeyman GnWn of Hepliaklqana (D:13)
  A fenstrider witch (Swamp:4)
  3 ghost moths
  2 draconian scorchers (Zot:1)
  A draconian annihilator (Zot:1)
  A juggernaut zombie (WizLab)
  2 draconian stormcallers
  2 spriggan defenders (Depths:2)
  7 war gargoyles
  18 ironbound preservers
  A formless jellyfish (Vaults:2)
  2 very ugly things (Vaults:5)
  4 orc warlords
  6 ironbound thunderhulks
  2 green draconians
  2 broodmothers
  A stone giant (shapeshifter) (Vaults:5)
  9 deep elf demonologists
  7 stone giants
  5 black draconians
  2 red draconians
  2 white draconians (Depths:4)
  2 yellow draconians
  11 deep elf annihilators
  6 spark wasps
  4 bunyips
  A purple draconian (Zot:1)
  10 dire elephants
  Josephine (Lair:4)
  A crystal guardian (Vaults:3)
  9 ettins
  12 deep elf death magi
  6 deep elf high priests
  4 mummy priests (WizLab)
  A spriggan zombie (WizLab)
  2 shambling mangroves (Swamp:4)
  5 entropy weavers
  15 yaktaur captains
  4 great orbs of eyes
  Harold (D:9)
  7 fire dragons
  44 vault guards
  6 ice dragons
  2 ogre magi (Vaults:5)
  18 hydras
  6 spriggan air magi
  3 rakshasas
  4 radroaches
  3 ghost crabs
  9 ironbound frosthearts
  5 catoblepae (Lair:5)
  8 alligators
  A sphinx zombie (WizLab)
  5 centaur warriors
  3 peacekeepers
  A spriggan skeleton (Depths:2)
  12 boulder beetles
  4 deep troll earth magi
  A death knight (D:13)
  21 dancing weapons
  11 death yaks
  5 deep troll shamans
  A two-headed ogre (D:8)
  A titan zombie (WizLab)
  6 tengu warriors
  7 demonic crawlers
  5 orc high priests
  A spriggan berserker (Depths:4)
  Amaemon (Lair:2)
  12 pharaoh ants
  Nergalle (Lair:1)
  2 skysharks
  10 iron trolls
  16 deep elf knights
  A shock serpent (shapeshifter) (Vaults:5)
  5 skeletal warriors (Vaults:3)
  A fire crab (shapeshifter) (Vaults:5)
  A spark wasp zombie (WizLab)
  2 goliath frogs
  Lodul (D:14)
  5 glowing orange brains
  6 bog bodies
  A flayed ghost (Depths:1)
  36 deep trolls
  14 orb spiders
  A swamp dragon (shapeshifter) (Elf:1)
  A spriggan druid (Swamp:2)
  A tengu zombie (WizLab)
  Pikel (D:9)
  An obsidian statue (Zot:5)
  9 phantasmal warriors (Vaults:5)
  5 orc knights
  4 harpies
  9 lindwurms
  A golden dragon skeleton (Depths:2)
  4 necromancers
  12 swamp dragons
  17 ironbound convokers
  10 steelbarb worms
  A steelbarb worm (shapeshifter) (Vaults:5)
  8 arcanists
  20 deep elf archers
  21 deep elf zephyrmancers
  A stone giant zombie (WizLab)
  33 ugly things
  30 wolf spiders
  A tengu skeleton (Vaults:3)
  A salamander (shapeshifter) (D:13)
  5 orc sorcerers
  5 cyclopes
  6 will-o-the-wisps
  A fire giant zombie (WizLab)
  17 deep elf pyromancers
  6 manticores
  13 moths of wrath
  26 vault sentinels
  A demonspawn zombie (WizLab)
  An ice statue (IceCv)
  A frost giant skeleton (Depths:2)
  12 elephants
  A fire giant skeleton (Vaults:3)
  9 torpor snails
  6 black mambas
  A water nymph (shapeshifter) (Vaults:5)
  An orange demon (Lair:2)
  18 cane toads
  A gargoyle (D:12)
  A cane toad (shapeshifter) (D:10)
  An unseen horror (D:12)
  Maggie (Lair:2)
  2 human zombies
  3 kobold demonologists
  A yaktaur zombie (Vaults:5)
  A freezing wraith (Vaults:5)
  Jeremiah (D:7)
  2 rime drakes
  2 efreet
  4 tengu conjurers
  14 komodo dragons
  18 yaktaurs
  A guardian mummy (WizLab)
  4 trolls
  13 polar bears
  5 tyrant leeches
  11 hornets
  32 tarantellas
  A jumping spider (shapeshifter) (Elf:3)
  21 blink frogs
  A glass eye (Depths:1)
  5 dream sheep (Lair:5)
  Sigmund (D:2)
  28 culicivoras
  32 slime creatures
  An elf skeleton (Vaults:3)
  5 air elementals
  29 jumping spiders
  A shadow (D:10)
  A culicivora (shapeshifter) (Elf:3)
  11 spriggans
  2 spriggans (shapeshifter)
  9 wraiths
  4 wyverns
  An ettin skeleton (Vaults:3)
  5 fire elementals
  3 water elementals
  80 redbacks
  5 basilisks
  68 yaks
  2 steam dragons
  5 vampire mosquitoes
  13 swamp worms
  5 wargs
  2 glowing shapeshifter zombies (WizLab)
  Edmund (D:4)
  An ogre zombie (Vaults:5)
  4 acid dragons
  12 water moccasins
  An ogre skeleton (Vaults:3)
  2 glowing shapeshifter skeletons (Vaults:3)
  2 hell hounds (Depths:4)
  Duvessa (D:7)
  A sky beast (D:8)
  10 swamp drakes
  3 ice beasts
  31 orc warriors
  4 black bears
  16 ogres
  4 boggarts (Vaults:2)
  49 wolves
  2 centaurs
  A phantom (D:6)
  A lemure (D:9)
  5 kobold brigands
  2 earth elementals
  4 bullfrogs
  2 gnoll sergeants
  A glowing shapeshifter simulacrum (Vaults:3)
  4 scorpions
  4 human skeletons (Vaults:3)
  8 wights (D:10)
  Dowan (D:7)
  6 killer bees (D:11)
  4 howler monkeys
  3 hounds
  2 jellies
  A human simulacrum (Vaults:5)
  38 orc priests
  3 sleepcaps
  2 gnoll boudas
  5 iguanas
  Jessica (D:2)
  34 orc wizards
  8 mummies (Ossuary)
  20 gnolls
  6 adders
  A shadow imp (D:7)
  4 white imps
  2 ufetubi (D:6)
  2 worms
  70 orcs
  4 bats
  4 endoplasms
  3 giant cockroaches
  4 goblins
  7 hobgoblins
  5 jackals
  3 quokkas
  6 ball pythons
  4 frilled lizards
  A gnoll zombie (Ossuary)
  2 hobgoblin zombies (Ossuary)
  13 kobolds
  2 kobold zombies (Ossuary)
  3 orc zombies (Ossuary)
  5 rats
1871 creatures vanquished.

Vanquished Creatures (collateral kills)
  A storm dragon (Zot:1)
  A shadow dragon (Zot:5)
  A draconian knight (Zot:1)
  A draconian scorcher (Zot:5)
  2 draconian annihilators
  An orc warlord (Vaults:4)
  A stone giant (Depths:1)
  2 white draconians
  A dire elephant (Vaults:4)
  2 red draconians
  2 yellow draconians (Zot:5)
  2 green draconians (Zot:5)
  A deep elf high priest (Vaults:4)
  2 orc high priests (Vaults:4)
  A deep troll (Depths:1)
  An orc knight (Vaults:4)
  2 moths of wrath (Zot:5)
  3 yaktaurs (Vaults:4)
27 creatures vanquished.

Vanquished Creatures (others)
  A tengu reaver (Vaults:4)
  A white draconian (Zot:5)
  A death yak (IceCv)
  A deep troll (Depths:1)
  2 orc knights (Vaults:4)
  A deep elf pyromancer (Elf:1)
  A komodo dragon (D:12)
  A bloated husk (Swamp:1)
  A water elemental (Elf:1)
  A small abomination (D:4)
  3 swamp drakes (Swamp:4)
  4 foxfires (Swamp:4)
18 creatures vanquished.

Grand Total: 1916 creatures vanquished

Notes
Turn   | Place    | Note
-------+----------+-------------------------------------------
     0 | D:1      | Monkooky the Deep Elf Hunter began the quest for the Orb.
     0 | D:1      | Reached XP level 1. HP: 12/12 MP: 3/3
   295 | D:1      | Reached XP level 2. HP: 16/16 MP: 4/4
   669 | D:2      | Noticed Jessica
   674 | D:2      | Killed Jessica
   675 | D:2      | Reached XP level 3. HP: 9/20 MP: 5/5
   796 | D:2      | Reached skill level 1 in Spellcasting
   915 | D:2      | Noticed Sigmund
   933 | D:2      | Killed Sigmund
   934 | D:2      | Reached skill level 5 in Spellcasting
   934 | D:2      | Reached XP level 4. HP: 6/25 MP: 6/13
   934 | D:2      | Reached XP level 5. HP: 7/29 MP: 6/15
   938 | D:2      | Learned a level 3 spell: Swiftness
   942 | D:2      | Learned a level 3 spell: Mephitic Cloud
   948 | D:2      | Learned a level 5 spell: Freezing Cloud
   951 | D:2      | Learned a level 2 spell: Poisonous Vapours
   954 | D:2      | Learned a level 2 spell: Passwall
  1052 | D:2      | Identified the +1 pair of boots "Oqueheys" {rC+ Str+3}
  1743 | D:3      | Reached skill level 1 in Air Magic
  1767 | D:3      | Reached XP level 6. HP: 34/34 MP: 16/16
  1843 | D:3      | Found a faded altar of an unknown god.
  2008 | D:3      | Found a broken altar of Ashenzari.
  2062 | D:3      | Became a worshipper of Ashenzari the Shackled
  2665 | D:4      | Identified the ring of the Distant Future {Fire Fly rPois
                  | Will+ Slay+3}
  2937 | D:4      | Noticed Edmund
  2988 | D:4      | Found a staircase to the Ecumenical Temple.
  2995 | D:4      | Reached * piety under Ashenzari
  3077 | D:4      | Killed Edmund
  3166 | D:4      | Reached skill level 6 in Spellcasting
  3166 | D:4      | Reached XP level 7. HP: 38/38 MP: 16/18
  3266 | D:5      | Entered Level 5 of the Dungeon
  3342 | D:5      | Found a sacrificial altar of Ru.
  3389 | D:5      | Found a runed translucent door.
  3390 | D:5      | Noticed Crazy Yiuf
  3480 | D:5      | Found a glowing golden altar of the Shining One.
  3644 | D:5      | Reached skill level 1 in Conjurations
  3644 | D:5      | Reached skill level 1 in Poison Magic
  3680 | D:5      | Reached XP level 8. HP: 43/43 MP: 19/19
  3684 | D:5      | Learned a level 3 spell: Ozocubu's Armour
  3719 | D:5      | Reached skill level 1 in Ice Magic
  3813 | D:5      | Reached skill level 7 in Spellcasting
  3942 | D:5      | Reached skill level 8 in Spellcasting
  4103 | D:5      | Reached skill level 11 in Spellcasting
  4103 | D:5      | Reached XP level 9. HP: 28/47 MP: 20/26
  4104 | D:5      | Reached skill level 12 in Spellcasting
  4104 | D:5      | Reached XP level 10. HP: 31/52 MP: 20/28
  4113 | D:5      | Learned a level 7 spell: Ozocubu's Refrigeration
  4314 | D:6      | Reached ** piety under Ashenzari
  4710 | D:7      | Noticed Duvessa
  4715 | D:7      | Noticed Dowan
  4716 | D:7      | Killed Duvessa
  4723 | D:7      | Killed Dowan
  4762 | D:7      | Found a sand-covered staircase.
  4766 | Ossuary  | Entered an ossuary
  5290 | D:7      | Found a white marble altar of Elyvilon.
  5293 | D:7      | Found an ancient bone altar of Kikubaaqudgha.
  5377 | D:7      | Noticed Jeremiah
  5384 | D:7      | Killed Jeremiah
  5685 | D:8      | Reached skill level 1 in Evocations
  5901 | D:8      | Found a bloodstained altar of Trog.
  6115 | D:8      | Found a glowing silver altar of Zin.
  6204 | D:8      | Reached *** piety under Ashenzari
  6347 | D:8      | Found a shimmering altar of Xom.
  6347 | D:8      | Noticed a two-headed ogre
  6373 | D:8      | Killed a two-headed ogre
  6374 | D:8      | Reached XP level 11. HP: 60/60 MP: 25/31
  6643 | D:9      | Noticed Pikel
  6648 | D:9      | Killed Pikel
  6738 | D:9      | Found a staircase to the Orcish Mines.
  6850 | D:9      | Reached **** piety under Ashenzari
  6926 | D:9      | Noticed Harold
  6946 | D:9      | Killed Harold
  7386 | D:9      | Reached skill level 10 in Ranged Weapons
  7929 | D:10     | Entered Level 10 of the Dungeon
  7993 | D:10     | Found Genk's Jewellery Shoppe.
  8140 | D:10     | Reached ***** piety under Ashenzari
  8151 | D:10     | Reached skill level 5 in Dodging
  8733 | D:10     | Found a staircase to the Lair.
  8988 | Lair:1   | Entered Level 1 of the Lair of Beasts
  8993 | Lair:1   | Upgraded the game from 0.31-a0-986-g5e6e4ef867 to
                  | 0.31-a0-1071-gaead2f62b1
  9117 | Lair:1   | Noticed a skyshark
  9125 | Lair:1   | Killed a skyshark
  9126 | Lair:1   | Reached skill level 10 in Ice Magic
  9387 | Lair:1   | Noticed Nergalle
  9391 | Lair:1   | Killed Nergalle
  9392 | Lair:1   | Reached XP level 12. HP: 69/69 MP: 9/33
 10543 | Lair:2   | Noticed Maggie
 10550 | Lair:2   | Killed Maggie
 10628 | Lair:2   | Noticed Amaemon
 10634 | Lair:2   | Killed Amaemon
 10652 | Lair:2   | Found a frozen archway.
 10748 | IceCv    | Entered an ice cave
 10919 | IceCv    | Noticed a death yak
 10937 | IceCv    | Noticed a death yak
 10944 | IceCv    | Killed a death yak
 10965 | IceCv    | Killed a death yak
 10965 | IceCv    | Noticed a death yak
 10974 | IceCv    | Killed a death yak
 11134 | IceCv    | Identified the +7 dagger of Starshine {freeze, +Blink
                  | rPois}
 11415 | IceCv    | Reached XP level 13. HP: 74/74 MP: 30/34
 11565 | IceCv    | Learned a level 3 spell: Ignite Poison
 11657 | IceCv    | Noticed a frost giant
 11668 | IceCv    | Reached skill level 5 in Evocations
 11781 | IceCv    | Identified the Cyclopedia of Algor
 12704 | Lair:2   | Found a staircase to the Swamp.
 12951 | Lair:3   | Upgraded the game from 0.31-a0-1071-gaead2f62b1 to
                  | 0.31-a0-1074-g0b22e4e0f1
 13361 | Lair:3   | Found a transporter.
 13361 | Lair:3   | Found the +3 Mad Mage's Maulers {Infuse+∞ VampMP -Cast}
 13616 | Lair:3   | Found a transporter.
 13641 | Lair:3   | Found a hole to the Spider Nest.
 13918 | Lair:4   | Noticed Josephine
 13921 | Lair:4   | Killed Josephine
 13924 | Lair:4   | Reached skill level 15 in Ranged Weapons
 14193 | Lair:4   | Reached XP level 14. HP: 79/79 MP: 23/35
 14676 | Lair:5   | Entered Level 5 of the Lair of Beasts
 15110 | Lair:5   | Reached skill level 10 in Dodging
 15141 | Lair:5   | Identified the +1 scale mail of Dawn {rElec Int+2}
 15213 | Lair:5   | Found a staircase to the Slime Pits.
 15826 | Lair:5   | Identified the +6 long sword of Resumed Hostilities {elec,
                  | *Noise rN+ Stlth+}
 16199 | Lair:5   | Reached skill level 5 in Fighting
 16495 | Orc:1    | Entered Level 1 of the Orcish Mines
 16655 | Orc:2    | Entered Level 2 of the Orcish Mines
 16782 | Orc:2    | Found a staircase to the Elven Halls.
 17020 | Orc:1    | Reached XP level 15. HP: 90/90 MP: 28/36
 17407 | Orc:2    | Found Pugiwk's General Store.
 17408 | Orc:2    | Found Fevuant's Antique Weapon Boutique.
 17409 | Orc:2    | Found Nauvaism's Jewellery Shop.
 17423 | Orc:2    | Found Eneir's Antique Armour Shop.
 18096 | D:11     | Found a hide-covered altar of Uskayaw.
 20054 | D:13     | Identified the +8 chain mail "Dynilae" {rElec rC+ rN+
                  | Regen+ Dex-3}
 20054 | D:13     | Found a runed translucent gate.
 20054 | D:13     | Noticed Twinkles's ghost (journeyman GnWn)
 20066 | D:13     | Found a runed translucent gate.
 20068 | D:13     | Found a runed translucent gate.
 20224 | D:13     | Killed Twinkles's ghost
 20898 | D:13     | Reached skill level 13 in Spellcasting
 20926 | D:13     | Found a gate to the Vaults.
 21214 | D:14     | Noticed Lodul
 21220 | D:14     | Killed Lodul
 21460 | D:14     | Identified the +4 scale mail of Greater Demons {rC- Int+7}
 21502 | D:14     | Found a sparkling altar of Nemelex Xobeh.
 21555 | D:14     | Found a glowing silver altar of Zin.
 22313 | Spider:1 | Entered Level 1 of the Spider Nest
 23604 | Spider:2 | Reached XP level 16. HP: 101/101 MP: 10/38
 23815 | Spider:2 | Reached skill level 1 in Armour
 24354 | Spider:2 | Reached skill level 5 in Stealth
 24562 | Spider:2 | Reached ****** piety under Ashenzari
 24967 | Spider:2 | Reached skill level 15 in Dodging
 27383 | Spider:4 | Entered Level 4 of the Spider Nest
 27507 | Spider:4 | Reached XP level 17. HP: 95/109 MP: 28/41
 27806 | Spider:4 | Found a hide-covered altar of Uskayaw.
 27930 | Spider:4 | HP: 2/112 [disintegration[a torpor snail] (49)]
 27933 | Spider:4 | Reached skill level 10 in Fighting
 28492 | Spider:4 | Reached skill level 1 in Throwing
 28983 | Spider:4 | Got a gossamer rune of Zot
 28984 | Spider:4 | Identified the +0 pair of boots "Winkeyxu" {rElec rCorr
                  | Int+4 Dex-5}
 29161 | Swamp:1  | Entered Level 1 of the Swamp
 30085 | Swamp:2  | Identified the +1 pair of gloves of Nuoduor {+Inv rN+ MP+9}
 30615 | Swamp:3  | Reached skill level 10 in Evocations
 31224 | Swamp:3  | Reached XP level 18. HP: 119/119 MP: 41/41
 31258 | Swamp:4  | Entered Level 4 of the Swamp
 31917 | Swamp:4  | Paralysed by a fenstrider witch for 3 turns
 32292 | Swamp:4  | Got a decaying rune of Zot
 32585 | D:15     | Entered Level 15 of the Dungeon
 32677 | D:15     | Noticed Rupert
 32681 | D:15     | Killed Rupert
 32785 | D:15     | Learned a level 4 spell: Passage of Golubria
 32788 | D:15     | Learned a level 2 spell: Wereblood
 32794 | D:15     | Learned a level 5 spell: Irradiate
 32800 | D:15     | Learned a level 5 spell: Yara's Violent Unravelling
 32818 | D:15     | Reached skill level 1 in Hexes
 32918 | D:15     | Reached skill level 1 in Translocations
 32918 | D:15     | Reached skill level 1 in Transmutations
 33337 | D:15     | Found a staircase to the Depths.
 33587 | Elf:1    | Entered Level 1 of the Elven Halls
 33616 | Elf:1    | Paralysed by an air elemental for 1 turns
 33911 | Elf:1    | Reached skill level 14 in Spellcasting
 34464 | Elf:1    | Noticed Frances
 34474 | Elf:1    | Killed Frances
 34484 | Elf:1    | Noticed Jorgrun
 34489 | Elf:1    | Killed Jorgrun
 34504 | Elf:1    | Identified the +1 pair of boots of Life {Drain +Blink
                  | Int+5}
 34606 | Elf:1    | Reached skill level 5 in Hexes
 35058 | Elf:1    | Found a blossoming altar of Fedhas.
 35062 | Elf:1    | Identified the +4 scale mail of Ruigimn {rF++ Str+2}
 35062 | Elf:1    | Identified Sif Muna's Monograph on Combustive Envenoming
 35390 | Elf:2    | Reached skill level 5 in Translocations
 35398 | Elf:2    | Found a runed translucent gate.
 35399 | Elf:2    | Found a runed translucent gate.
 35399 | Elf:2    | Found a runed translucent gate.
 35452 | Elf:2    | Reached skill level 5 in Transmutations
 35563 | Elf:3    | Entered Level 3 of the Elven Halls
 35585 | Elf:3    | Reached XP level 19. HP: 120/125 MP: 27/44
 35759 | Elf:3    | Reached skill level 15 in Spellcasting
 37197 | Elf:3    | Identified the +8 war axe of Cacvaafa {drain, *Noise Str+3
                  | Int+8 Stlth+}
 37274 | Elf:3    | Identified the staff of Due Proportion {rC+ Ice Air Poison}
 37699 | Vaults:1 | Entered Level 1 of the Vaults
 37710 | Vaults:1 | Found a magical portal.
 37721 | WizLab   | Entered Doroklohe's Tomb
 37741 | WizLab   | Noticed an ancient lich
 37758 | WizLab   | Killed an ancient lich
 37822 | WizLab   | Identified the +1 helmet of Xusowk {rN+ Dex+5 Stlth+}
 38120 | WizLab   | Identified the +2 leather armour of Tomorrow {rPois rF+
                  | Regen+ Dex-4}
 38222 | WizLab   | Identified the +1 chain mail of Hedonism {rPois Int+5
                  | Stlth+}
 38255 | WizLab   | Identified the +1 scale mail "Bozot" {rN+ Dex-2 Slay+3}
 38864 | Vaults:1 | Identified a scroll of acquirement
 39168 | Vaults:1 | Reached XP level 20. HP: 128/128 MP: 35/44
 39332 | Vaults:1 | Acquired an amulet of guardian spirit
 39526 | Vaults:1 | Found Raixt's Antique Weapon Boutique.
 39605 | Vaults:1 | Reached skill level 10 in Stealth
 40945 | Vaults:2 | Noticed Saint Roka
 40951 | Vaults:2 | Killed Saint Roka
 41440 | Vaults:2 | Reached skill level 15 in Stealth
 42616 | Vaults:3 | Learned a level 8 spell: Discord
 43274 | Vaults:3 | Reached XP level 21. HP: 113/133 MP: 45/45
 43472 | Vaults:3 | Reached skill level 10 in Hexes
 43515 | Vaults:3 | Found a staircase to the Crypt.
 44083 | Vaults:4 | Noticed Xtahua
 44451 | Vaults:4 | Killed Xtahua
 45084 | Vaults:4 | Reached skill level 15 in Hexes
 45924 | Vaults:5 | Entered Level 5 of the Vaults
 46406 | Vaults:5 | Got a silver rune of Zot
 47282 | Vaults:5 | Reached skill level 16 in Spellcasting
 47303 | Vaults:5 | Reached XP level 22. HP: 139/139 MP: 47/47
 47539 | Vaults:5 | Noticed a dread lich
 47547 | Vaults:5 | Killed a dread lich
 47548 | Vaults:5 | Reached skill level 17 in Spellcasting
 47913 | Vaults:5 | Reached skill level 18 in Spellcasting
 47918 | Vaults:5 | Identified the amulet "Qaepaaf" {Faith Drain Dex+4}
 48093 | Vaults:5 | Identified the +6 chain mail "Bedydenues" {+Blink Dex+3
                  | SInv Stlth+}
 48428 | Vaults:5 | Reached skill level 19 in Spellcasting
 49057 | Vaults:5 | Reached skill level 20 in Spellcasting
 49265 | Vaults:5 | Identified the +2 chain mail "Sovvy" {rN+++ rCorr Dex-3
                  | SInv}
 49268 | Vaults:5 | Identified the +1 dagger of the Baking Shrike {protect,
                  | rC++}
 49271 | Vaults:5 | Identified the +4 ring mail of the Battered Prophets {Harm
                  | Dex-5 SInv}
 49318 | Vaults:5 | Acquired 866 gold pieces
 49319 | Vaults:5 | Acquired 1297 gold pieces
 49320 | Vaults:5 | Acquired the ring "Boqin" {Will+ Str+6 Int+6}
 49683 | Depths:1 | Entered Level 1 of the Depths
 50408 | Depths:1 | Found Piedunac's CLEARANCE SALE!.
 50765 | Depths:1 | Identified the serpent talisman "Joczofry" {Dex+3}
 50765 | Depths:1 | Noticed Aizul
 50765 | Depths:1 | Noticed Sojobo
 50776 | Depths:1 | Killed Aizul
 51054 | Depths:1 | Found a gateway to Hell.
 51178 | Depths:1 | Reached skill level 5 in Armour
 51237 | Depths:1 | Found a one-way gateway to a ziggurat.
 51570 | Depths:1 | Killed Sojobo
 51844 | Depths:2 | Noticed the Enchantress
 51848 | Depths:2 | Killed the Enchantress
 51900 | Depths:2 | Reached skill level 21 in Spellcasting
 51939 | Depths:2 | Noticed Vv
 52184 | Depths:2 | Reached XP level 23. HP: 140/140 MP: 41/51
 52264 | Depths:3 | Noticed Rutraf's ghost (veteran DEHs)
 52264 | Depths:3 | Found a runed translucent gate.
 52264 | Depths:3 | Found a runed translucent gate.
 52264 | Depths:3 | Found a runed translucent gate.
 52265 | Depths:3 | Identified the +1 rapier of the Hidden Vale {heavy, Str+3}
 52515 | Depths:4 | Entered Level 4 of the Depths
 52944 | Depths:4 | Reached skill level 22 in Spellcasting
 53292 | Depths:4 | Found a gate to the Realm of Zot.
 53298 | Zot:1    | Entered Level 1 of the Realm of Zot
 53837 | Zot:2    | Noticed Parghit
 54017 | Zot:2    | Noticed a curse toe
 54039 | Zot:2    | Killed a curse toe
 54194 | Zot:4    | Noticed a Killer Klown
 54204 | Zot:4    | Killed a Killer Klown
 54252 | Zot:5    | Entered Level 5 of the Realm of Zot
 54879 | Zot:5    | Acquired Manleita's Book of the Fault
 55380 | Zot:5    | Noticed an orb of fire
 55402 | Zot:5    | Reached XP level 24. HP: 142/154 MP: 45/53
 55402 | Zot:5    | Noticed a Killer Klown
 55408 | Zot:5    | Killed an orb of fire
 55409 | Zot:5    | Reached skill level 15 in Evocations
 55418 | Zot:5    | Killed a Killer Klown
 55432 | Zot:5    | Noticed a Killer Klown
 55438 | Zot:5    | Killed a Killer Klown
 55643 | Zot:5    | Noticed a Killer Klown
 55664 | Zot:5    | Killed a Killer Klown
 55727 | Zot:5    | Noticed a Killer Klown
 55837 | Zot:5    | Identified the cursed +9 longbow of Ashenzari's Vision
                  | {flame, Bglg, Range} (You found it in an ice cave)
 55837 | Zot:5    | Identified the cursed +0 cloak "Share My Vision" {Self,
                  | Alch} (You found it on level 7 of the Dungeon)
 55837 | Zot:5    | Identified the cursed +8 fire dragon scales of Ashenzari's
                  | Hedonism {rF++ rC-, Fort, Melee} (You found it in a
                  | wizard's laboratory)
 55837 | Zot:5    | Identified the cursed ring of Ouranomancy {AC+4, Fort, Cun}
                  | (You found it on level 4 of the Dungeon)
 55884 | Zot:5    | Killed a Killer Klown
 55931 | Zot:5    | Noticed a Killer Klown
 55933 | Zot:5    | Got the Orb of Zot
 55955 | Zot:5    | Noticed Jyolat the pandemonium lord
 56174 | Depths:3 | Noticed Rivituts the pandemonium lord
 56478 | D:4      | Noticed Zaelul the pandemonium lord
 56478 | D:4      | Gained mutation: Your magical capacity is low. (-10% MP) [a
                  | neqoxec]
 56583 | D:$      | Escaped with the Orb!

Illustrated notes

Levels and vault maps discovered:
D:1:      wander_arrival_chamber, layout_loops_cross, minivault_24
D:2:      layout_loops_cross, nicolae_elevator_lobby_asterisk, uniq_jessica,
          uniq_sigmund
D:3:      layout_basic, lemuel_tele_altar, ebering_ecumenical_altar_sacrificial,
          grunt_decor_arrowhead, serial_bayou_pond_c
D:4:      layout_rooms, minmay_temple_entry_glass, roderic_serpentine_path,
          minmay_misc_feat_secret_circle, uniq_edmund
D:5:      minmay_polygon_palace, layout_rooms, nicolae_tso_swordbearing_angel,
          nicolae_ru_path_of_blood, dreamdust_princess_bridge,
          uniq_crazy_yiuf_cottage
D:6:      layout_basic
D:7:      layout_basic, nicolae_overflow_hidden_temple,
          lightli_ossuary_entry_decrepit_ruins, uniq_jeremiah, uniq_duvessa
D:8:      layout_loops_ring, mainiacjoe_overflow_24_doors,
          hangedman_feature_mirror, hangedman_abyss_or_decor_lesser_grid,
          grunt_decor_clamped, nicolae_twisty_statue_hallways
D:9:      layout_stronghold, kennysheep_orc_monster_closet_entryway, uniq_pikel,
          uniq_harold
D:10:     layout_roguey, lair_entry_dummy, serial_shops,
          nicolae_shop_statue_plus, abandoned_shop
D:11:     layout_roguey, eat_drink_and_be_merry_uskayaw
D:12:     layout_grid_maze, lemuel_flamethrower_3
D:13:     layout_loops_ring, lightli_vaults_fourway_checkpoint,
          biasface_ghost_orc_armoury
D:14:     layout_roguey, nemelex_altar_shiori, zin_scriptorium, uniq_lodul
D:15:     grunt_enter_depths_hoard, layout_basic, serial_corexii_hall,
          corexii_hall_statues_x, chequers_hall_statues_corner_a, uniq_rupert
Lair:1:   layout_cellular_growth, uniq_nergalle
Lair:2:   layout_hall_layers, minmay_swamp_entry_worms,
          portal_ice_cave_entry_pillars_1, uniq_amaemon, uniq_maggie
Lair:3:   gammafunk_cloud_chamber, layout_misc_corridors, spider_nest_entry_a,
          hellmonk_talismancer, infiniplex_staircase_pool, grunt_megastairs_3,
          lemuel_fruit_tree
Lair:4:   layout_long_grid, uniq_josephine
Lair:5:   evilmike_catoblepas_cave, layout_cave_pods, minmay_slime_entry_pillars
Swamp:1:  layout_basic_swamp, nicolae_swamp_very_dense_foliage, swamp_pool_3
Swamp:2:  layout_basic_swamp, nicolae_swamp_oxbows, infiniplex_staircase_pool_2
Swamp:3:  layout_falls_marsh, evilmike_swamp_ruin_wall
Swamp:4:  swamp_fiery, layout_basic_swamp
Spider:1: layout_spider_delve, einodemon_crawler_minivault
Spider:2: layout_spider_delve, drop_trap, dreamdust_wasp_nest
Spider:3: layout_chambers
Spider:4: grunt_spider_rune_circles, nicolae_spider_altar_of_dancing
Orc:1:    layout_caves
Orc:2:    st_orc_mages, layout_diamond_mine
Elf:1:    minmay_the_grid_triangle_9x9_recursive_3_mashed
          [minmay_the_grid_triangle_9x9_shrine,
          minmay_the_grid_triangle_9x9_thin_v,
          minmay_the_grid_triangle_9x9_descending_squares,
          minmay_the_grid_triangle_9x9_prize_schism,
          minmay_the_grid_triangle_9x9_cache,
          minmay_the_grid_triangle_9x9_dagger,
          minmay_the_grid_triangle_9x9_longest,
          minmay_the_grid_triangle_9x9_skeleton,
          minmay_the_grid_triangle_9x9_odd_lines], layout_gridlike,
          amcnicky_mini_pool_small, minivault_28, uniq_frances, uniq_jorgrun
Elf:2:    nicolae_elf_blades_crystal_corner, layout_geoelf_diagonals
Elf:3:    grunt_elf_hall_branching, layout_geoelf_grid, grunt_ministairs_13,
          nicolae_elf_crossing_hall
Vaults:1: infiniplex_enter_wizlab_water, hangedman_vaults_snaps,
          nicolae_vaults_door_testing_chamber, v_misc_15,
          nicolae_vaults_little_squares_4, nicolae_vaults_little_squares_3,
          serial_library_hellmonk_open_square, hangedman_vaults_hat,
          nicolae_vaults_apartment_2, vaults_mumra_hexcomb,
          layout_vaults_omnigrid, serial_shops, nicolae_shop_back_alley_shop
Vaults:2: nicolae_vaults_storage_room_statues, nicolae_vaults_wrenched,
          hangedman_vaults_variations, st_smaller_cells, ontoclasm_vaults_fault,
          ontoclasm_vaults_loading_screen, hangedman_vaults_nodes,
          nicolae_vaults_offset_grid_hallway_1, nicolae_vaults_disjoint_gnomons,
          nicolae_vaults_closet_pinwheel_2, grunt_vaults_trifunnel,
          grunt_vaults_bifocal, vaults_dpeg_emergency_exit,
          vaults_dpeg_diagonal, nicolae_vaults_shelves_hall,
          layout_vaults_maze_bifur, uniq_saint_roka
Vaults:3: nicolae_vaults_more_shelving_2, minmay_crypt_entry_skeletal_spiral,
          nicolae_vaults_little_squares_1, hangedman_vaults_cutoff,
          hangedman_vaults_trim, nicolae_vaults_trapezoid_2,
          nicolae_vaults_holding_cells, vaults_room_boxed,
          nicolae_vaults_double_plus_3, v_misc_26, nicolae_vaults_double_plus_1,
          vaults_room_pool, hangedman_vaults_cutoff, nicolae_vaults_trapezoid_1,
          serial_ice_b, nicolae_vaults_tetromino_Z_2, layout_vaults_omnicross
Vaults:4: nicolae_vaults_tetromino_Z_1, nicolae_vaults_trapezoid_1,
          minmay_orc_keep, vaults_room_stairs_pillars, ontoclasm_vaults_idyll,
          v_alt_pattern_2, v_misc_15, nicolae_vaults_asterisk,
          ontoclasm_vaults_spin, ontoclasm_vaults_shout,
          nicolae_vaults_weapon_check, nicolae_vaults_surprise_closet,
          nicolae_vaults_diagonal_hallway_8, ontoclasm_vaults_claustrophobia,
          layout_vaults_ring, uniq_xtahua
Vaults:5: serial_shops
Depths:1: layout_honeycomb, enter_ziggurat_b, hangedman_decor_riveting,
          hell_entry, nicolae_shop_clearance, uniq_aizul, uniq_sojobo
Depths:2: regret_index_infernal_bastille, layout_gridlike,
          rand_demon_pan_entry_9, hell_entry, infiniplex_staircase_zigzag_3,
          uniq_vv, uniq_nikola, uniq_enchantress
Depths:3: cheibrodos_cascadia, layout_basic, serial_corexii_hall,
          corexii_hall_statues_l, chequers_hall_statues_corner_a,
          pf_hell_entry_tar_river, abyss_entry, gammafunk_ghost_split,
          nicolae_zig_zag_zippers
Depths:4: evilmike_zot_entry_hall, layout_long_grid, grunt_hell_entry_dis_old,
          serial_sigils_hangedman_scratch, abyss_entry_small_statue_room,
          minmay_multi_spiral
Zot:1:    layout_cathedral_of_symmetry
Zot:2:    layout_concentric_octagons, uniq_parghit
Zot:3:    gammafunk_mikee_crab_dinner, layout_basic, regret_index_zotdec_banners
Zot:4:    layout_twisted_circle, gammafunk_ghost_wrathful_warriors,
          lemuel_baited_zot_trap, hangedman_player_shredder, uniq_josephina
Zot:5:    layout_basic, grunt_ministairs_1

Skill      XL: |  1  2  3  4  5  6  7  8  9 10 11 12 13 14 15 16 17 18 19 20 21 22 23 24 |
---------------+-------------------------------------------------------------------------+-----
Ranged Weapons | 7 10 15 16 17 18 21 | 21.3
Spellcasting   | 5 6 11 12 13 14 15 16 21 22 | 22.0
Air Magic      | 1 4 7 8 9 |  9.0
Conjurations   | 3 7 8 9 |  9.0
Poison Magic   | 3 |  3.1
Ice Magic      | 7 9 11 14 | 14.9
Evocations     | 2 6 10 13 14 16 | 16.2
Fighting       | 2 3 6 8 11 14 | 14.3
Dodging        | 3 5 12 13 18 19 | 19.7
Stealth        | 2 5 8 17 | 17.0
Armour         | 1 6 |  6.1
Throwing       | 3 |  3.8
Hexes          | 6 9 18 | 18.0
Translocations | 5 |  5.4
Transmutations | 5 |  5.4

Action                     |  1- 3 |  4- 6 |  7- 9 | 10-12 | 13-15 | 16-18 | 19-21 | 22-24 || total
---------------------------+-------+-------+-------+-------+-------+-------+-------+-------++-------
  Melee: Unarmed           |     5 |       |       |       |       |       |       |       ||     5
   Fire: Shortbow          |    74 |   112 |    98 |   633 |   104 |       |       |       ||  1021
         Longbow           |       |       |       |       |   696 |  1018 |  1366 |  1000 ||  4080
   Cast: Mephitic Cloud    |       |     1 |     4 |     8 |     6 |       |     1 |       ||    20
         Swiftness         |       |     1 |     1 |       |       |       |       |       ||     2
         Freezing Cloud    |       |       |       |    85 |   110 |    44 |    35 |    20 ||   294
         Ozocubu's Armour  |       |       |       |    13 |     8 |     6 |    18 |    20 ||    65
         Ozocubu's Refrige |       |       |       |    10 |    57 |   124 |    49 |    68 ||   308
         Poisonous Vapours |       |       |       |     1 |       |       |       |       ||     1
         Ignite Poison     |       |       |       |       |     3 |       |       |       ||     3
         Passwall          |       |       |       |       |     1 |       |       |       ||     1
         Yara's Violent Un |       |       |       |       |       |     2 |    37 |    23 ||    62
         Wereblood         |       |       |       |       |       |     2 |     3 |     1 ||     6
         Irradiate         |       |       |       |       |       |       |     6 |    51 ||    57
         Passage of Golubr |       |       |       |       |       |       |     3 |       ||     3
         Discord           |       |       |       |       |       |       |     2 |     7 ||     9
 Invoke: Curse Item        |       |     1 |       |     7 |     1 |     2 |     2 |     2 ||    15
         Shatter the Chain |       |       |       |       |     1 |     1 |     2 |     2 ||     6
Ability: Evoke Invisibilit |       |       |       |       |       |       |     1 |       ||     1
  Evoke: Lightning rod     |       |       |       |       |     2 |     3 |     4 |       ||     9
         Wand              |       |       |       |       |       |     7 |     7 |     8 ||    22
         Box of beasts     |       |       |       |       |       |       |       |     1 ||     1
         Phantom mirror    |       |       |       |       |       |       |       |     1 ||     1
    Use: Potion            |     2 |       |     3 |       |       |     2 |     1 |    16 ||    24
         Scroll            |       |       |       |       |    13 |     2 |     1 |    23 ||    39
 Armour: Leather armour    |    14 |     9 |    39 |    87 |    63 |   120 |   108 |    43 ||   483
         Skin              |     2 |       |       |       |       |       |       |       ||     2
         Fire dragon scale |       |       |       |       |       |       |       |   163 ||   163
         Acid dragon scale |       |       |       |       |       |       |       |     1 ||     1
  Dodge: Dodged            |    14 |    18 |    23 |    90 |    76 |   209 |   256 |   408 ||  1094
  Block: Other             |     5 |     3 |     5 |    40 |    25 |    32 |    10 |       ||   120
         Reflection        |     1 |       |       |     2 |     3 |     3 |     6 |       ||    15

Table legend: (Time is in decaauts)
 A = Elapsed time spent in this place.
 B = Non-inter-level travel time spent in this place.
 C = Inter-level travel time spent in this place.
 D = Time resting spent in this place.
 E = Time spent auto-exploring this place.
 F = Levels seen in this place.
 G = Mean time per level.
                   A        B        C        D        E       F      G
               +--------+--------+--------+--------+--------+-----+--------+
         Total |  55636 |  52065 |   3571 |   8571 |  31207 |  50 | 1112.7 |
       Dungeon |  15223 |  13562 |   1661 |    729 |  10740 |  15 | 1014.9 |
          Lair |   6516 |   6090 |    426 |    296 |   4857 |   5 | 1303.2 |
         Swamp |   3109 |   2945 |    164 |    553 |   1861 |   4 |  777.2 |
   Spider Nest |   6653 |   6289 |    364 |   1542 |   3629 |   4 | 1663.2 |
  Orcish Mines |   1657 |   1556 |    101 |    397 |    893 |   2 |  828.5 |
   Elven Halls |   3684 |   3522 |    162 |    472 |   2228 |   3 | 1228.0 |
        Vaults |  10670 |  10057 |    613 |   1317 |   5482 |   5 | 2134.0 |
        Depths |   3184 |   3112 |     72 |   1153 |    924 |   4 |  796.0 |
           Zot |   2648 |   2644 |      4 |   1380 |    263 |   5 |  529.6 |
       Ossuary |    217 |    217 |      0 |      0 |    137 |   1 |  217.0 |
      Ice Cave |   1165 |   1165 |      0 |    336 |     75 |   1 | 1165.0 |
        Wizlab |    906 |    906 |      0 |    393 |    118 |   1 |  906.0 |
               +--------+--------+--------+--------+--------+-----+--------+

Top non-repeatable levels by time:
Vaults:5: 3404 daAuts
Vaults:1: 2364 daAuts
Spider:3: 1998 daAuts
   Elf:3: 1906 daAuts
Vaults:4: 1903 daAuts
Spider:1: 1891 daAuts
  Lair:1: 1614 daAuts
  Lair:5: 1586 daAuts
     D:9: 1585 daAuts
Vaults:3: 1546 daAuts
   Zot:5: 1526 daAuts
Depths:1: 1520 daAuts
Spider:4: 1519 daAuts
    D:13: 1482 daAuts
Vaults:2: 1451 daAuts
